Map: Dusk Towers

Players

MCanning

  • Race: Protoss Protoss
  • League: Grandmaster

IIIIIIIIIIII - Winner!

  • Race: Protoss Protoss
  • League: Grandmaster

VOD

http://www.twitch.tv/mcanning/v/30690643

Description

Time

  • Played on: Dec. 19, 2015, 12:29 a.m.
  • Length: 42:46
Show
View Real Time Build Order
Export as new Build Order

MCanning Protoss 

Build Orders: Nexus First 

Get SALT Encoding   

  12  0:01  Probe (Chrono Boost)  
  13  0:11  Probe (Chrono Boost)  
  14  0:17  Pylon  
  14  0:22  Probe (Chrono Boost)  
  15  0:36  Probe (Chrono Boost)  
  16  0:46  Probe (Chrono Boost)  
  17  0:58  Nexus  
  17  1:08  Gateway  
  18  1:11  Probe (Chrono Boost)  
  18  1:21  Assimilator  
  18  1:25  Probe (Chrono Boost), Assimilator  
  19  1:35  Probe (Chrono Boost)  
  19  1:38  Gateway  
  20  1:50  Probe (Chrono Boost)  
  21  1:57  Pylon  
  21  2:01  Cybernetics Core  
  21  2:06  Probe (Chrono Boost)  
  22  2:10  Probe (Chrono Boost)  
  23  2:16  Probe (Chrono Boost)  
  23  2:21  Probe (Chrono Boost)  
  25  2:27  Probe (Chrono Boost)  
  26  2:31  Probe (Chrono Boost)  
  26  2:36  Adept (Chrono Boost)  
  27  2:38  Adept (Chrono Boost)  
  27  2:42  Mothership Core (Chrono Boost)  
  33  2:46  Warp Gate  
  33  2:51  Probe (Chrono Boost)  
  34  2:57  Pylon  
  34  3:01  Probe (Chrono Boost)  
  34  3:02  Probe (Chrono Boost)  
  36  3:10  Sentry  
  36  3:12  Probe x2 (Chrono Boost)  
  40  3:13  Stalker  
  42  3:23  Probe x2 (Chrono Boost)  
  44  3:29  Pylon  
  44  3:33  Probe (Chrono Boost)  
  45  3:38  Probe (Chrono Boost)  
  46  3:44  Probe (Chrono Boost)  
  45  3:49  Probe (Chrono Boost)  
  45  3:54  Probe (Chrono Boost)  
  46  3:58  Twilight Council  
  46  3:59  Robotics Facility  
  46  4:00  Probe (Chrono Boost)  
  47  4:04  Assimilator  
  47  4:05  Probe (Chrono Boost)  
  47  4:09  Assimilator  
  48  4:10  Probe (Chrono Boost)  
  48  4:15  Probe (Chrono Boost)  
  50  4:21  Probe (Chrono Boost)  
  50  4:22  Nexus  
  51  4:26  Probe (Chrono Boost)  
  53  4:31  Probe (Chrono Boost)  
  53  4:35  Probe (Chrono Boost)  
  53  4:38  Blink (Chrono Boost)  
  54  4:42  Probe  
  55  4:46  Gateway x2  
  55  4:56  Probe  
  55  4:59  Gateway  
  52  5:01  Gateway  
  52  5:03  Pylon  
  52  5:08  Observer (Chrono Boost), Stargate  
  52  5:10  Probe  
  54  5:18  Stalker x2  
  58  5:23  Probe  
  59  5:36  Observer  
  59  5:38  Forge  
  59  5:41  Pylon  
  57  5:50  Pylon  
  57  5:55  Phoenix (Chrono Boost)  
  57  6:01  Stalker x3  
  57  6:02  Stalker, Probe  
  57  6:03  Probe  
  61  6:07  Probe  
  60  6:11  Protoss Ground Weapons Level 1 (Chrono Boost)  
  60  6:12  Probe, Pylon  
  60  6:15  Probe  
  62  6:18  Probe  
  62  6:19  Robotics Bay  
  62  6:23  Probe  
  62  6:24  Pylon  
  64  6:28  Stalker x2  
  68  6:33  Probe x2  
  70  6:42  Probe  
  70  6:43  Probe  
  70  6:44  Pylon x2  
  72  6:48  Probe  
  73  6:57  Stalker x2  
  73  6:58  Stalker  
  79  7:07  Adept x3  
  85  7:14  Disruptor (Chrono Boost)  
  85  7:15  Pylon  
  86  7:20  Probe  
  86  7:21  Probe  
  87  7:26  Adept x3  
  94  7:33  Pylon  
  94  7:35  Photon Cannon  
  94  7:42  Stalker x3  
  100  7:46  Disruptor (Chrono Boost)  
  100  7:48  Stalker  
  100  7:49  Stalker  
  107  7:56  Adept  
  103  8:06  Probe, Robotics Facility  
  103  8:07  Probe  
  103  8:08  Pylon  
  103  8:09  Probe  
  103  8:11  Gateway  
  103  8:12  Gateway  
  106  8:15  Dark Shrine  
  106  8:16  Disruptor (Chrono Boost)  
  109  8:29  Probe (Chrono Boost)  
  109  8:32  Probe (Chrono Boost)  
  109  8:35  Stalker x3  
  109  8:36  Stalker x2  
  109  8:38  Mothership Core (Chrono Boost)  
  121  8:43  Zealot  
  121  8:44  Disruptor, Assimilator  
  123  8:49  Assimilator  
  123  8:52  Probe (Chrono Boost)  
  127  8:58  Pylon  
  127  8:59  Probe (Chrono Boost), Pylon  
  128  9:04  Protoss Ground Weapons Level 2 (Chrono Boost)  
  128  9:15  Disruptor (Chrono Boost)  
  132  9:18  Probe (Chrono Boost)  
  132  9:25  Disruptor (Chrono Boost)  
  132  9:30  Nexus  
  134  9:32  Pylon  
  134  9:33  Pylon  
  134  9:40  Probe  
  134  9:45  Zealot  
  137  9:46  Probe  
  137  9:47  Pylon  
  137  9:48  Photon Cannon  
  137  9:49  Pylon  
  137  9:50  Dark Templar  
  137  9:52  Photon Cannon  
  140  9:53  Disruptor (Chrono Boost), Oracle (Chrono Boost)  
  146  10:00  Probe  
  146  10:04  Disruptor, Photon Cannon  
  147  10:07  Assimilator  
  147  10:13  Assimilator  
  150  10:16  Photon Cannon  
  150  10:17  Probe  
  150  10:18  Pylon  
  150  10:20  Photon Cannon  
  149  10:26  Stalker x3, Disruptor  
  149  10:27  Stalker  
  155  10:33  Oracle  
  158  10:45  Stalker x2  
  158  10:46  Stalker  
  164  10:54  Disruptor  
  164  10:57  Probe  
  164  11:02  Disruptor  
  168  11:09  Probe  
  168  11:10  Stalker x3  
  178  11:13  Probe  
  178  11:15  Probe  
  180  11:19  Photon Cannon  
  180  11:21  Photon Cannon  
  180  11:25  Oracle, Photon Cannon  
  183  11:29  Photon Cannon  
  183  11:30  Probe  
  184  11:42  Probe  
  184  11:44  Disruptor x2  
  188  12:00  Oracle  
  191  12:14  Probe, Nexus  
  191  12:15  Disruptor  
  186  12:16  Probe, Pylon  
  186  12:18  Pylon  
  186  12:19  Stalker  
  186  12:20  Stalker x3  
  196  12:36  Stalker x2  
  200  12:40  Pylon  
  200  12:50  Photon Cannon  
  200  12:52  Photon Cannon  
  200  12:53  Probe  
  200  12:57  Pylon  
  198  13:05  Protoss Ground Weapons Level 3 (Chrono Boost)  
  198  13:12  Probe  
  157  13:23  Stalker x2  
  157  13:24  Stalker x6  
  157  13:25  Disruptor  
  157  13:26  Probe  
  170  13:29  Probe  
  173  13:38  Probe  
  174  13:46  Probe  
  174  13:48  Stalker x6  
  181  13:49  Stalker x2  
  181  13:51  Probe  
  191  13:57  Probe  
  191  14:02  Probe  
  186  14:06  Probe  
  171  14:15  Disruptor  
  171  14:16  Probe  
  159  14:17  Stalker x2  
  159  14:18  Stalker x2  
  159  14:19  Stalker  
  159  14:21  Probe  
  169  14:25  Stalker x3  
  169  14:29  Assimilator  
  173  14:34  Assimilator  
  168  14:41  Probe  
  167  14:45  Stalker  
  167  14:46  Stalker x4  
  177  14:53  Dark Templar  
  177  14:58  Probe  
  175  15:04  Nexus  
  175  15:06  Pylon  
  171  15:08  Pylon  
  171  15:09  Dark Templar x2  
  172  15:14  Dark Templar  
  172  15:15  Dark Templar  
  172  15:17  Dark Templar  
  172  15:18  Probe  
  179  15:27  Mothership Core  
  174  15:36  Probe  
  173  15:44  Probe  
  174  15:50  Stalker x2  
  174  15:51  Stalker x2  
  174  15:55  Archon  
  182  16:04  Probe  
  181  16:17  Probe  
  156  16:27  Stalker x3  
  156  16:28  Stalker  
  164  16:37  Probe  
  165  16:52  Assimilator  
  164  16:55  Stalker  
  164  16:56  Gateway  
  164  16:58  Gateway  
  164  17:00  Assimilator  
  166  17:04  Adept x2  
  166  17:05  Adept  
  172  17:14  Probe  
  171  17:21  Probe  
  170  17:24  Probe, Pylon  
  171  17:33  Cybernetics Core  
  171  17:37  Dark Templar x4  
  176  17:45  Archon x2  
  176  17:51  Probe  
  175  18:03  Probe  
  174  18:13  Observer  
  174  18:14  Dark Templar x6, Pylon  
  174  18:16  Oracle (Chrono Boost)  
  174  18:18  Nexus  
  190  18:20  Pylon  
  190  18:21  Pylon  
  190  18:22  Archon x3  
  190  18:29  Probe  
  187  18:34  Dark Templar  
  187  18:37  Probe  
  190  18:43  Archon  
  190  18:47  Stalker x4  
  196  18:51  Disruptor  
  191  19:04  Probe  
  191  19:07  Probe  
  192  19:15  Stalker  
  192  19:16  Stalker x4  
  197  19:21  Disruptor  
  190  19:36  Probe  
  188  19:45  Stalker x5  
  186  19:46  Stalker  
  172  20:08  Stalker  
  172  20:09  Stalker x3  
  174  20:20  Probe  
  171  20:25  Dark Templar x2  
  162  20:43  Probe  
  157  20:53  Archon  
  157  20:54  Observer  
  157  20:55  Nexus  
  141  21:22  Probe  
  138  21:32  Mothership Core  
  136  22:15  Dark Templar x2  
  136  22:16  Dark Templar x3  
  146  22:27  Archon  
  146  22:28  Archon  
  142  22:39  Pylon  
  140  22:57  Dark Templar x2  
  140  22:58  Dark Templar  
  146  23:03  Archon  
  146  23:04  Archon  
  146  23:11  Stalker x2  
  146  23:36  Stalker x3  
  146  23:39  Pylon  
  149  23:57  Stalker  
  151  24:10  Nexus  
  151  24:11  Stalker  
  151  24:12  Pylon  
  151  24:16  Observer  
  151  24:48  Stalker x3  
  156  24:57  Nexus  
  149  25:42  Probe  
  150  25:44  Probe  
  149  25:50  Stalker  
  149  25:51  Stalker x3  
  149  25:53  Probe  
  158  26:01  Probe  
  158  26:02  Assimilator  
  158  26:25  Probe  
  134  26:28  Probe  
  122  26:34  Stalker x2  
  122  26:36  Probe  
  122  26:39  Probe  
  127  26:43  Probe x2  
  128  26:55  Probe  
  129  27:07  Probe  
  130  27:08  Probe, Pylon  
  131  27:40  Probe  
  131  27:44  Stalker x3  
  138  27:55  Probe  
  139  28:02  Pylon, Photon Cannon  
  139  28:05  Pylon  
  139  28:11  Pylon  
  133  28:28  Disruptor  
  131  28:34  Dark Templar x3  
  131  28:40  Archon  
  134  28:42  Dark Templar  
  134  28:43  Probe  
  136  28:50  Archon  
  136  28:59  Probe  
  136  29:01  Assimilator  
  137  29:02  Probe  
  137  29:03  Assimilator  
  137  29:04  Probe  
  139  29:11  Stalker x3  
  145  29:18  Stalker  
  145  29:19  Stalker  
  149  29:24  Photon Cannon  
  149  29:40  Nexus  
  149  29:50  Dark Templar  
  151  29:54  Observer  
  151  29:55  Dark Templar  
  152  30:13  Probe  
  150  30:15  Disruptor  
  151  30:23  Stalker x3  
  153  30:32  Probe  
  95  30:58  Stalker x5  
  95  30:59  Stalker  
  94  31:11  Disruptor  
  94  31:12  Disruptor  
  96  31:21  Probe  
  97  31:31  Photon Cannon  
  95  31:43  Stalker x3  
  95  31:47  Probe  
  101  31:53  Stalker  
  101  31:54  Stalker  
  103  32:05  Photon Cannon  
  99  32:09  Probe  
  99  32:11  Probe  
  95  32:25  Probe  
  95  32:26  Probe  
  97  32:30  Probe  
  97  32:31  Probe x2  
  97  32:32  Probe  
  101  32:40  Dark Templar x3  
  101  32:42  Dark Templar  
  109  32:44  Archon  
  109  32:46  Archon  
  109  32:56  Dark Templar x2  
  113  33:01  Archon  
  113  33:14  Assimilator  
  113  33:17  Stalker x3  
  119  33:21  Stalker  
  119  33:22  Assimilator  
  121  33:45  Stalker x5  
  121  33:46  Probe  
  132  33:58  Probe  
  133  34:03  Pylon  
  133  34:15  Dark Templar x2  
  137  34:20  Archon  
  137  34:21  Pylon  
  136  34:41  Gateway  
  136  34:42  Gateway  
  136  34:44  Gateway  
  136  34:45  Photon Cannon  
  136  34:48  Pylon  
  134  35:02  Stalker x2  
  138  35:08  Photon Cannon  
  138  35:11  Pylon  
  138  35:14  Templar Archives  
  138  35:24  Probe  
  119  35:28  Probe  
  119  35:35  Gateway  
  120  35:39  Gateway  
  120  35:44  Probe  
  120  35:53  High Templar x3  
  120  35:54  High Templar x2  
  130  35:58  Archon  
  130  35:59  Archon  
  130  36:00  Probe  
  131  36:19  Observer  
  132  36:26  Probe  
  132  36:30  Pylon x2, High Templar x4  
  140  36:33  Photon Cannon  
  140  36:34  Archon x2  
  140  36:35  Photon Cannon, High Templar  
  140  36:37  Probe  
  140  36:39  Archon  
  143  36:45  Probe  
  142  36:52  Disruptor x2  
  139  36:54  Probe  
  146  37:06  Stalker x3  
  150  37:14  Stalker  
  152  37:19  Nexus  
  152  37:21  Pylon  
  150  37:30  Disruptor  
  146  37:40  Zealot x2  
  146  37:41  Zealot x4  
  143  37:59  Stalker x2  
  143  38:00  Stalker x2  
  150  38:13  Probe  
  147  38:24  Stalker x5  
  155  38:47  Disruptor  
  151  39:11  Zealot x2  
  151  39:12  Zealot x7  
  168  39:35  Probe  
  146  39:56  Stalker x4  
  146  39:57  Stalker x2  
Show
View Real Time Build Order
Export as new Build Order

IIIIIIIIIIII Protoss - Winner!

Build Orders: 1 Gate Expand, Blink Stalkers 

Get SALT Encoding   

  12  0:03  Probe (Chrono Boost)  
  13  0:13  Probe (Chrono Boost)  
  14  0:18  Pylon  
  14  0:24  Probe (Chrono Boost)  
  15  0:29  Assimilator  
  15  0:36  Probe (Chrono Boost)  
  15  0:42  Gateway  
  16  0:47  Probe (Chrono Boost)  
  17  0:57  Probe (Chrono Boost)  
  18  1:08  Probe (Chrono Boost)  
  19  1:19  Nexus  
  19  1:21  Probe (Chrono Boost)  
  20  1:32  Cybernetics Core  
  20  1:34  Probe (Chrono Boost)  
  20  1:39  Assimilator  
  21  1:45  Pylon  
  21  1:48  Probe (Chrono Boost)  
  22  1:59  Probe (Chrono Boost)  
  23  2:08  Adept (Chrono Boost), Warp Gate  
  23  2:09  Probe  
  26  2:19  Robotics Facility  
  26  2:21  Probe  
  27  2:32  Adept (Chrono Boost)  
  29  2:37  Probe (Chrono Boost)  
  29  2:38  Probe (Chrono Boost)  
  29  2:42  Pylon  
  31  2:49  Probe (Chrono Boost)  
  31  2:50  Mothership Core (Chrono Boost)  
  34  2:57  Stalker  
  36  2:59  Probe (Chrono Boost)  
  36  3:05  Warp Prism (Chrono Boost)  
  37  3:08  Probe x2  
  41  3:20  Probe  
  41  3:23  Twilight Council  
  42  3:30  Gateway  
  42  3:38  Immortal (Chrono Boost), Probe x2  
  48  3:52  Probe  
  48  3:54  Probe  
  46  4:00  Blink (Chrono Boost)  
  46  4:03  Probe, Assimilator  
  46  4:06  Probe  
  46  4:07  Assimilator  
  48  4:11  Immortal (Chrono Boost)  
  48  4:16  Stalker  
  54  4:23  Pylon  
  54  4:24  Pylon  
  54  4:35  Pylon  
  54  4:36  Gateway  
  54  4:41  Probe x2  
  56  5:01  Probe x2  
  56  5:02  Immortal  
  58  5:13  Probe x2  
  58  5:14  Nexus  
  64  5:15  Pylon  
  64  5:19  Robotics Bay  
  64  5:26  Probe x2  
  66  5:32  Pylon  
  66  5:42  Stalker x2  
  70  5:49  Immortal  
  70  5:52  Probe x2  
  76  6:03  Robotics Bay  
  76  6:05  Pylon  
  76  6:08  Probe x2  
  76  6:11  Stalker x2  
  80  6:13  Stalker  
  84  6:22  Probe  
  84  6:23  Probe, Forge  
  86  6:27  Disruptor  
  87  6:44  Stalker x3  
  87  6:46  Probe x3 (Chrono Boost)  
  96  6:48  Pylon  
  96  6:57  Probe x2 (Chrono Boost), Assimilator  
  96  6:59  Probe (Chrono Boost)  
  99  7:02  Assimilator  
  99  7:05  Pylon  
  97  7:09  Disruptor  
  100  7:17  Stalker x3  
  100  7:20  Gateway  
  100  7:22  Gateway, Probe (Chrono Boost)  
  108  7:23  Probe (Chrono Boost)  
  108  7:24  Gateway  
  108  7:25  Probe (Chrono Boost)  
  107  7:35  Probe (Chrono Boost)  
  107  7:36  Probe (Chrono Boost)  
  110  7:37  Probe (Chrono Boost)  
  110  7:38  Photon Cannon  
  110  7:40  Gateway x2, Disruptor  
  110  7:42  Protoss Ground Weapons Level 1 (Chrono Boost)  
  113  8:06  Robotics Facility  
  113  8:11  Nexus, Disruptor  
  113  8:12  Pylon  
  113  8:16  Stalker x2  
  118  8:36  Probe (Chrono Boost)  
  118  8:37  Probe (Chrono Boost)  
  118  8:38  Probe (Chrono Boost)  
  118  8:41  Photon Cannon x2  
  118  8:44  Disruptor, Photon Cannon  
  118  8:47  Photon Cannon  
  118  8:48  Pylon  
  118  8:53  Templar Archives, Disruptor  
  124  8:59  Stargate  
  124  9:01  Stargate, Photon Cannon  
  124  9:03  Photon Cannon  
  124  9:10  Probe, Pylon  
  124  9:11  Probe x2  
  124  9:12  Assimilator  
  127  9:17  Observer  
  127  9:18  Assimilator  
  127  9:21  Observer Gravitic Boosters  
  127  9:22  Gravitic Drive  
  128  9:30  Observer  
  129  9:36  High Templar x4  
  129  9:38  Stalker x4  
  143  9:43  Archon  
  143  9:44  Archon  
  145  9:48  Pylon  
  145  9:50  Disruptor (Chrono Boost)  
  151  9:57  Fleet Beacon  
  151  9:58  Pylon, Warp Prism (Chrono Boost)  
  151  9:59  Pylon  
  148  10:03  Protoss Ground Weapons Level 2  
  150  10:07  Pylon  
  150  10:08  Pylon  
  150  10:09  Pylon  
  150  10:15  Oracle x2 (Chrono Boost)  
  156  10:28  Photon Cannon  
  156  10:30  Photon Cannon  
  156  10:32  Photon Cannon  
  156  10:35  Photon Cannon  
  156  10:37  Photon Cannon  
  156  10:38  Photon Cannon  
  156  10:41  Photon Cannon  
  156  10:57  Tempest (Chrono Boost)  
  156  10:58  Tempest (Chrono Boost)  
  164  11:12  Adept x4  
  164  11:13  Adept x3  
  164  11:14  Adept  
  162  11:19  Warp Prism  
  164  11:35  Tempest x2 (Chrono Boost)  
  172  11:41  Stargate  
  172  11:43  Stargate  
  172  11:44  Warp Prism  
  160  12:18  Disruptor  
  160  12:33  Disruptor  
  160  12:37  Tempest x2 (Chrono Boost)  
  168  12:54  Disruptor  
  171  13:14  Tempest x2 (Chrono Boost)  
  171  13:17  Nexus  
  171  13:19  Disruptor, Pylon  
  179  13:21  Tempest x2 (Chrono Boost)  
  179  13:34  Pylon  
  179  13:39  Adept x4  
  179  13:40  Adept x4  
  195  13:51  Tempest (Chrono Boost), Photon Cannon  
  195  13:52  Photon Cannon  
  195  13:54  Photon Cannon  
  165  14:19  Tempest (Chrono Boost)  
  165  14:20  Disruptor  
  178  14:24  Tempest (Chrono Boost)  
  178  14:25  Tempest (Chrono Boost)  
  178  14:28  Tempest (Chrono Boost)  
  174  14:33  Adept x4  
  174  14:34  Adept x4  
  182  14:58  Nexus  
  182  15:00  Pylon  
  178  15:13  Tempest x2 (Chrono Boost)  
  186  15:14  High Templar x3  
  186  15:15  High Templar  
  186  15:18  Archon  
  186  15:19  Tempest x2 (Chrono Boost), Archon  
  191  15:38  Disruptor  
  187  15:43  Disruptor  
  175  16:21  Disruptor  
  165  16:26  Disruptor  
  165  16:28  Tempest x2 (Chrono Boost)  
  187  16:34  Tempest (Chrono Boost)  
  187  16:35  Tempest (Chrono Boost)  
  187  16:36  Adept x3  
  187  16:37  Adept  
  190  17:34  Nexus  
  190  17:37  Pylon  
  190  17:38  Pylon  
  190  17:48  Dark Shrine  
  184  18:08  Tempest x2 (Chrono Boost)  
  196  18:14  Tempest (Chrono Boost)  
  200  18:22  Tempest (Chrono Boost)  
  199  19:00  Observer  
  181  19:26  Observer  
  181  19:28  Observer  
  137  20:14  Dark Templar  
  137  20:15  Dark Templar x3  
  144  20:23  Disruptor  
  144  20:27  Disruptor  
  150  20:31  Void Ray (Chrono Boost)  
  150  20:32  Void Ray (Chrono Boost)  
  162  20:37  Void Ray (Chrono Boost)  
  154  20:54  Photon Cannon  
  154  21:03  Disruptor  
  157  21:10  Stalker x2  
  147  21:32  Zealot, Assimilator  
  147  21:33  Zealot x7  
  147  21:36  Assimilator  
  163  21:56  Charge  
  163  22:06  Zealot  
  163  22:07  Dark Templar, Zealot x4  
  163  22:08  Zealot x2  
  139  22:53  Nexus  
  139  22:55  Assimilator  
  139  22:58  Pylon  
  127  23:38  Photon Cannon  
  127  23:39  Photon Cannon  
  113  24:44  Nexus  
  113  24:46  Pylon x2  
  113  24:53  Pylon, Assimilator  
  113  24:55  Assimilator  
  113  25:02  Zealot x5  
  113  25:03  Zealot x3  
  125  25:59  Zealot x2  
  125  26:00  Zealot x6  
  125  26:01  Immortal  
  147  26:06  Immortal  
  89  26:36  High Templar x3  
  89  26:37  Zealot x3, High Templar  
  89  26:38  Zealot  
  105  26:40  Archon  
  105  26:41  Archon  
  104  27:05  Zealot x4  
  104  27:06  Immortal  
  112  27:11  Immortal  
  120  27:26  Nexus  
  120  28:02  Pylon  
  120  28:04  Pylon  
  120  28:06  Pylon  
  120  28:07  Pylon  
  120  28:11  Pylon  
  120  28:12  Pylon  
  119  28:49  Nexus  
  119  28:51  Tempest x2 (Chrono Boost)  
  127  28:57  Nexus  
  127  29:01  Assimilator  
  127  29:05  Assimilator  
  127  29:10  Pylon  
  127  29:20  Pylon  
  127  29:30  Tempest (Chrono Boost)  
  131  29:35  Tempest (Chrono Boost)  
  135  29:41  Zealot x3  
  135  29:42  Zealot  
  76  30:52  Zealot x4  
  76  30:53  Dark Templar x2, Zealot  
  72  31:15  Immortal  
  72  31:17  Nexus  
  80  31:18  Observer  
  77  31:47  Dark Templar, Zealot  
  79  31:48  Dark Templar, Zealot x2  
  79  31:53  Warp Prism  
  82  32:32  Nexus  
  82  32:33  Pylon  
  82  32:36  Zealot x2  
  82  32:37  Zealot x2  
  82  32:46  Disruptor  
  82  32:51  Disruptor  
  85  32:54  Probe x2  
  85  32:56  Probe x2  
  92  33:14  Dark Templar x3  
  92  33:17  Disruptor  
  92  33:18  Zealot x2  
  102  33:26  Disruptor  
  108  33:48  Disruptor  
  111  34:04  Stalker x2  
  111  34:05  Stalker x3  
  111  34:07  Disruptor  
  124  34:19  Nexus, Disruptor  
  124  34:21  Pylon  
  127  34:46  Observer  
  128  34:53  Observer  
  129  35:13  Stalker x5, Disruptor  
  139  35:18  Disruptor  
  145  35:29  Tempest (Chrono Boost)  
  149  36:02  Stalker x5  
  159  36:04  Probe  
  159  36:05  Probe  
  159  36:06  Probe x3  
  164  36:15  Probe, Assimilator  
  164  36:16  Probe  
  164  36:17  Probe  
  166  36:18  Probe x2  
  166  36:21  Assimilator  
  155  36:43  Disruptor  
  155  36:48  Disruptor  
  161  37:10  Photon Cannon  
  161  37:14  Photon Cannon  
  173  37:15  Photon Cannon  
  173  37:16  Carrier (Chrono Boost)  
  173  37:17  Probe x2  
  175  37:27  Carrier (Chrono Boost)  
  173  37:44  Disruptor  
  173  37:48  Probe x2, Disruptor  
  173  37:50  Probe  
  188  38:10  Graviton Catapult  
  188  38:14  Carrier (Chrono Boost)  
  188  38:54  Carrier (Chrono Boost)  
  200  39:06  Carrier (Chrono Boost)  
  181  39:59  Carrier (Chrono Boost)  
  166  40:09  Carrier (Chrono Boost)  
  158  42:23  Probe  
Tags
 
Add a new tag
Caveats
  • Supply blocks, unpowered buildings, or Contaminate may cause inaccurate times.
  • Supply counts are checked every 10 seconds.